 Dungeon Crawl Stone Soup version 0.29-a0-266-gf56f883ddd (console) character file.

Game seed: 5425153086730134164

24787 petzl the Thaumaturge (level 13, -7/94 HPs)
             Began as a Formicid Arcane Marksman on Mar 6, 2022.
             Was a High Priest of Vehumet.
             Mangled by an orc warlord
             ... wielding a +0 broad axe
              (23 damage)
             ... on level 2 of the Orcish Mines on Mar 7, 2022.
             The game lasted 02:26:25 (22941 turns).

petzl the Thaumaturge (Formicid Arcane Marksman)   Turns: 22941, Time: 02:26:26

Health: -7/94      AC: 10    Str: 15    XL:     13   Next: 45%
Magic:  1/36       EV: 10    Int: 24    God:    Vehumet [*****.]
Gold:   511        SH:  4    Dex:  6    Spells: 3/32 levels left

rFire   + . .      SeeInvis +   c - +2 trident (protect)
rCold   . . .      Faith    .   Y - +0 buckler
rNeg    + + +      Spirit   .   d - +3 ring mail
rPois   +          Reflect  .   (helmet unavailable)
rElec   .          Harm     .   C - +0 cloak
rCorr   .          Rampage  .   (no gloves)
Will    +....                   (no boots)
Stlth   +++.......              (no amulet)
HPRegen 0.25/turn               m - ring "Ganlucsi" {rPois rF+ rN+++ MP+9 Dex-5}
MPRegen 0.25/turn               h - +6 ring of intelligence

@: no status effects
A: permanent stasis, dig shafts and tunnels, antennae 3, four strong arms
a: Dig, Shaft Self, Renounce Religion


You were on level 2 of the Orcish Mines.
You worshipped Vehumet.
Vehumet was extremely pleased with you.
You visited 2 branches of the dungeon, and saw 15 of its levels.

You collected 1422 gold pieces.
You spent 911 gold pieces at shops.

Inventory:

Hand Weapons
 a - the +6 short sword of Defiance {freeze, Stlth+}
   (You found it on level 3 of the Dungeon)

   It freezes those it strikes, dealing additional cold damage.
   It can also slow down cold-blooded creatures.
   Stlth:     It makes you more stealthy.
 b - a +0 hand crossbow of electrocution
 c - a +2 trident of protection (weapon)
 q - a +5 falchion
 H - the +4 mace of Ymutom {drain, Str+4 Int+3 Dex-5}
   (You found it on level 3 of the Dungeon)

   A truly terrible weapon, it drains the life of any living foe it strikes.
   Str:       It affects your strength (+4).
   Int:       It affects your intelligence (+3).
   Dex:       It affects your dexterity (-5).
 J - the +8 flail of Lotaxe {drain, *Noise rElec rF+, !f =f}
   (You found it on level 4 of the Dungeon)

   A truly terrible weapon, it drains the life of any living foe it strikes.
   rF:        It protects you from fire.
   rElec:     It insulates you from electricity.
   *Noise:    It may make noises in combat.
 M - a +2 quarterstaff of chaos
 P - a +1 spear of venom {!f =f}
 T - a +0 scimitar of flaming
Missiles
 i - 28 poisoned darts
 A - 6 javelins
 N - 6 atropa-tipped darts
 Z - 3 throwing nets
Armour
 d - a +3 ring mail (worn)
 j - an orb of energy
 r - the +6 plate armour of Lethargy {rPois rN+ Int+2}
   (You found it on level 9 of the Dungeon)

   Int:       It affects your intelligence (+2).
   rPois:     It protects you from poison.
   rN:        It protects you from negative energy.
 w - an orb of mayhem
 C - a +0 cloak (worn)
 L - an orb of light
 U - a +1 leather armour of fire resistance
 Y - a +0 buckler (worn)
Jewellery
 e - a ring of wizardry
 f - a ring of positive energy
 g - an amulet of faith
 h - a +6 ring of intelligence (right hand)
 m - the ring "Ganlucsi" (left hand) {rPois rF+ rN+++ MP+9 Dex-5}
   (You acquired it on level 12 of the Dungeon)

   [ring of protection from fire]

   Dex:       It affects your dexterity (-5).
   rF:        It protects you from fire.
   rPois:     It protects you from poison.
   rN:        It renders you almost immune to negative energy.
   MP:        It affects your magic capacity (+9).
 y - a ring of resist corrosion
 D - a ring of protection from cold
Wands
 u - a wand of flame (23)
 I - a wand of paralysis (2)
 O - a wand of digging (11)
 V - a wand of charming (4)
 W - a wand of polymorph (4)
Scrolls
 n - 2 scrolls of holy word
 o - 2 scrolls of fog
 p - a scroll of torment
 t - a scroll of enchant armour
 E - a scroll of summoning
 Q - a scroll of identify
Potions
 k - 2 potions of magic
 l - 2 potions of flight
 v - a potion of brilliance {unknown}
 x - a potion of mutation {unknown}
 z - a potion of resistance
 B - a potion of ambrosia {unknown}
 F - 3 potions of curing
 K - a potion of berserk rage {unknown}
 R - a potion of lignification {unknown}
 S - 2 potions of haste {unknown}
 X - a potion of might
Miscellaneous
 G - a lightning rod (4/4)


   Skills:
 - Level 6.4 Fighting
 - Level 2.0 Short Blades
 - Level 2.0 Axes
 - Level 5.0 Crossbows
 - Level 4.0 Armour
 - Level 4.0 Dodging
 - Level 8.0 Stealth
 - Level 4.0 Shields
 - Level 10.2 Spellcasting
 + Level 8.1 Conjurations
 - Level 3.6 Hexes
 - Level 3.8 Fire Magic
 + Level 6.1 Ice Magic
 + Level 4.8 Air Magic
 - Level 6.5 Earth Magic
 - Level 6.0 Poison Magic
 - Level 3.8 Evocations


You had 3 spell levels left.
You knew the following spells:

 Your Spells              Type           Power      Damage    Failure   Level
a - Slow                  Hex            100%       N/A       2%          1
b - Poisonous Vapours     Pois/Air       76%        N/A       1%          2
c - Stone Arrow           Conj/Erth      94%        3d12      1%          3
d - Freeze                Ice            100%       1d11      1%          1
f - Conjure Flame         Conj/Fire      41%        6-21      1%          3
l - Freezing Cloud        Conj/Ice/Air   21%        6-21      7%          5
m - Mephitic Cloud        Conj/Pois/Air  42%        N/A       1%          3
s - Sticky Flame          Conj/Fire      41%        2d6       2%          4
I - Ignite Poison         Fire/Tmut/Pois 28%        N/A       2%          3
T - Olgreb's Toxic Radia  Pois           41%        N/A       2%          4

Your spell library contained the following spells:

 Spells                   Type           Power      Damage    Failure   Level
 Yara's Violent Unravell  Hex/Tmut       10%        3d6       36%         5
 Sandblast                Erth           86%        2d18      1%          1
 Scorch                   Fire           60%        2d8       1%          2
 Inner Flame              Hex/Fire       30%        N/A       2%          3
 Sting                    Tmut/Pois      100%       1d8       3%          1
 Passwall                 Tmut/Erth      22%        N/A       4%          2
 Tukima's Dance           Hex            29%        N/A       8%          3
 Portal Projectile        Hex/Tloc       42%        N/A       17%         3
 Call Canine Familiar     Summ           12%        N/A       34%         3
 Hailstorm                Conj/Ice       46%        3d11      1%          4
 Lightning Bolt           Conj/Air       21%        1d36      6%          5
 Leda's Liquefaction      Hex/Erth       18%        N/A       14%         4
 Irradiate                Conj/Tmut      15%        3d19      16%         5
 Iron Shot                Conj/Erth      23%        9d5       22%         6
 Cause Fear               Hex            14%        N/A       26%         4
 Animate Armour           Summ/Erth      54%        N/A       30%         4
 Anguish                  Hex/Necr       10%        N/A       50%         4
 Orb of Destruction       Conj           25%        9d9       63%         7
 Ozocubu's Refrigeration  Ice            20%        4d9       86%         7
 Blade Hands              Tmut           6%         N/A       97%         5
 Excruciating Wounds      Necr           6%         N/A       97%         5
 Dragon Form              Tmut           6%         N/A       100%        7
 Enfeeble                 Hex            14%        N/A       100%        7
 Ignition                 Fire           15%        3d6       100%        8


Dungeon Overview and Level Annotations

Branches:
Dungeon (13/15)            Temple (0/1) D:7            Lair (0/6) D:8
    Orc (2/2) D:10
    Elf: Orc:2       Vaults: D:13-14

Altars:
Cheibriados
Fedhas
Hepliaklqana
Makhleb
Qazlal
Vehumet
Wu Jian

Shops:
D:3 *   D:9 *   D:10 :   Orc:1 *

Annotations:
D:7 exclusions: 2 downstairs and upstairs
D:8 exclusion: downstairs
D:9 exclusion: downstairs
D:11 exclusion: downstairs, Snorg
Orc:2 exclusion: door


Innate Abilities, Weirdness & Mutations

You cannot be hasted, slowed, berserked, paralysed or teleported.
You can dig through walls and to a lower floor.
You have a pair of large antennae on your head. (SInv)
Your four strong arms can wield two-handed weapons with a shield.


Message History

The orc warlord closely misses you.
Aiming: Paralyse
Press: ? - help, Shift-Dir - straight line, f - orc warlord
Aim: an orc warlord, wielding a +0 broad axe, wearing a +0 plate armour and wearing a +0 kite shield (severely wounded, chance to affect: 25%)
The orc warlord resists with almost no effort.
The orc warlord hits you with a +0 broad axe!
The orc warlord attacks as you move away!
The orc warlord hits you with a +0 broad axe!
Aiming: Thunderbolt
Press: ? - help, Shift-Dir - straight line, p - orc warlord
Okay, then.
Unknown command.
Unknown command.
Okay, then.
Unknown command.
Okay, then.
Unknown command.
Unknown command.
Okay, then.
Unknown command.
Unknown command.
Unknown command.
Okay, then.
Unknown command.
Unknown command.
Unknown command.
Okay, then.
Your +0 hand crossbow of electrocution stops crackling.
Your +2 trident of protection hums with potential!
c - a +2 trident of protection (weapon)
The orc warlord blocks your attack.
The orc warlord is severely wounded.
The orc warlord hits you with a +0 broad axe!! x2
* * * LOW HITPOINT WARNING * * *
Unknown command.
Unknown command.
Unknown command.
The orc warlord attacks as you move away!
The orc warlord hits you with a +0 broad axe!!
You die...

.....#...#..... ...............
....)))........ ....)8)8....) { .#
#..).)....# # ...##.....).##..
......)......).. .......8.8......
###..)).....### ## ###########'###########
≈≈# #....#...##.##...#....# #≈≈######
##'##.#..[##)##...#.##'## ≈≈ ≈≈≈#≈#≈##
#...#.##'###[###'##.#)..# ##≈≈
#≈≈≈≈P###...#....#..........#...# ##≈≈≈
#≈≈≈...######....#.##'##....##### ≈#≈≈≈##
###≈..#.##..#....#.#...#....#..# ≈≈≈≈≈≈###
##..####..'[..@o.#...#....'..# ≈≈≈≈≈≈≈≈#
#♣...###..#.####.#####.####..#
#≈#≈≈≈≈.♣##.....#####.#..#..........####
#≈≈≈≈≈.P##......####.[..#...).####.####
#≈≈≈≈....#......○○[..#..#..[..#..#....+
##≈#..♣....)...R####.####...[.#).'.#### #
#♣............###.........(#.)#.####
###.............#.####.#####.####.#..#
###.......[[....#....# #.#..[#......'..#
#.#........#....#....###.#...#.#....#..#
#.......)..[....##..#.##.##'##.#....######
#.........#.....##..####....[..#.........#
##.......##....##.### ##'###.###'###'###+#
#.......###.##.## #(..##[##...#...# ..#
##.........#####.# ####.).#8.8#...#.).# C.#
#...........##..####..#####...######### ###
#...........###..##..............#####
#####
###+###......###..)..................###
##...## {
#........#..)....[..[.......)....####..[..#


You could see an orc warlord.

Vanquished Creatures
  Azrael (Orc:2)
  Harold (D:11)
  A boulder beetle (D:11)
  8 two-headed ogres
  Erica (D:10)
  2 skeletal warriors (D:12)
  2 orc knights
  An ugly thing (D:13)
  3 manticores
  2 unseen horrors
  Maggie (D:6)
  A kobold demonologist (D:13)
  2 trolls
  Prince Ribbit (D:5)
  Grinder (D:6)
  A spriggan (shapeshifter) (D:12)
  8 yaks
  3 shadows
  A wyvern (D:8)
  A vampire (D:10)
  A wraith (D:10)
  4 fire elementals (Orc:2)
  Grum (D:8)
  2 wargs
  Edmund (D:4)
  A water moccasin (D:9)
  2 hell hounds (Orc:2)
  2 black bears
  4 sky beasts
  34 orc warriors
  9 ogres
  2 wolves (D:8)
  4 centaurs
  2 phantoms
  A kobold brigand (D:9)
  2 elf zombies (D:8)
  4 bullfrogs (D:8)
  3 gnoll sergeants
  An elf skeleton (D:8)
  5 scorpions
  4 wights
  13 killer bees
  2 electric eels (D:10)
  2 howler monkeys (D:13)
  A jelly (D:7)
  A hound (D:4)
  2 gnoll shamans
  14 orc priests
  Crazy Yiuf (D:5)
  Jessica (D:2)
  2 iguanas
  Terence (D:2)
  A human skeleton (D:8)
  16 orc wizards
  A statue (D:7)
  27 gnolls
  4 adders
  3 white imps
  An ufetubus (D:7)
  2 worms (D:2)
  2 dart slugs
  105 orcs
  4 bats
  5 endoplasms
  8 giant cockroaches
  11 hobgoblins
  9 jackals
  11 kobolds
  5 quokkas
  3 ball pythons
  2 frilled lizards (D:2)
  5 goblins
  2 orc skeletons (D:8)
  5 rats
403 creatures vanquished.

Vanquished Creatures (others)
  An orc (D:7)
  8 fungi (D:8)
  7 plants (D:8)
16 creatures vanquished.

Grand Total: 419 creatures vanquished

Notes
Turn   | Place    | Note
-------+----------+-------------------------------------------
     0 | D:1      | petzl the Formicid Arcane Marksman began the quest for the
                  | Orb.
     0 | D:1      | Reached XP level 1. HP: 15/15 MP: 2/2
   291 | D:1      | Reached XP level 2. HP: 19/21 MP: 4/4
   532 | D:1      | Noticed a golden eye
   534 | D:1      | Found a faded altar of an unknown god.
   537 | D:1      | Noticed an eye of devastation
   537 | D:1      | Noticed a great orb of eyes
   537 | D:1      | Noticed a great orb of eyes
   607 | D:1      | Reached XP level 3. HP: 16/26 MP: 5/5
   992 | D:2      | Noticed Terence
  1087 | D:2      | Reached skill level 1 in Stealth
  1089 | D:2      | Reached skill level 2 in Spellcasting
  1271 | D:2      | Reached skill level 1 in Armour
  1279 | D:2      | Noticed Jessica
  1284 | D:2      | You fall into a shaft and drop 2 floors!
  1284 | D:4      | Noticed a scorpion
  1287 | D:4      | HP: 1/26 [orc/+0 trident (6)]
  1288 | D:4      | You fall into a shaft and drop 3 floors!
  1611 | D:6      | Noticed an ogre
  1611 | D:6      | Noticed a scorpion
  1660 | D:7      | Noticed a yak
  1660 | D:7      | Noticed a yak
  1660 | D:7      | Noticed a yak
  1760 | D:7      | Noticed a black bear
  1919 | D:7      | Killed a black bear
  1920 | D:7      | Reached XP level 4. HP: 25/33 MP: 5/8
  1920 | D:7      | Reached XP level 5. HP: 29/38 MP: 5/9
  2104 | D:7      | Noticed a sky beast
  2211 | D:7      | Killed a sky beast
  2212 | D:7      | Reached skill level 3 in Spellcasting
  2212 | D:7      | Reached XP level 6. HP: 45/45 MP: 10/10
  2368 | D:8      | Learned a level 3 spell: Stone Arrow
  2371 | D:8      | Found a staircase to the Lair.
  2891 | D:7      | Killed a yak
  2892 | D:7      | Reached skill level 1 in Conjurations
  2892 | D:7      | Reached XP level 7. HP: 51/51 MP: 11/11
  3233 | D:7      | Killed a yak
  3506 | D:7      | Killed a yak
  3507 | D:7      | Reached XP level 8. HP: 57/57 MP: 12/12
  3811 | D:7      | Reached skill level 5 in Earth Magic
  3962 | D:8      | Found a blossoming altar of Fedhas.
  4259 | D:7      | Noticed a two-headed ogre
  4525 | D:7      | Killed a two-headed ogre
  4526 | D:7      | Reached skill level 4 in Spellcasting
  4526 | D:7      | Reached XP level 9. HP: 47/64 MP: 1/15
  5378 | D:7      | Found an ornate altar of the Wu Jian Council.
  5420 | D:7      | Found a radiant altar of Vehumet.
  5653 | D:7      | Became a worshipper of Vehumet
  5774 | D:6      | Noticed Grinder
  5778 | D:6      | Killed Grinder
  5779 | D:6      | Reached skill level 1 in Axes
  6038 | D:5      | Entered Level 5 of the Dungeon
  6038 | D:5      | Noticed Prince Ribbit
  6049 | D:6      | Noticed Maggie
  6303 | D:6      | Reached skill level 5 in Stealth
  6433 | D:5      | Reached skill level 5 in Spellcasting
  6636 | D:4      | Noticed Edmund
  6662 | D:4      | Killed Edmund
  6663 | D:4      | Reached skill level 5 in Crossbows
  6663 | D:4      | Reached skill level 5 in Conjurations
  6839 | D:3      | Identified the +4 mace of Ymutom {drain, Str+4 Int+3 Dex-5}
  6917 | D:2      | Killed Jessica
  7039 | D:2      | Killed Terence
  7124 | D:3      | Reached * piety under Vehumet
  7124 | D:3      | Offered knowledge of Freeze by Vehumet.
  7127 | D:3      | Learned a level 1 spell: Freeze
  7256 | D:2      | Reached XP level 10. HP: 73/73 MP: 5/18
  7387 | D:3      | Found a burning altar of Makhleb.
  7387 | D:3      | Noticed a balrug
  7730 | D:3      | Found Koda's General Store.
  7738 | D:3      | Bought a scroll of identify for 22 gold pieces
  7757 | D:4      | Found a snail-covered altar of Cheibriados.
  7867 | D:3      | Identified the +6 short sword of Defiance {freeze, Stlth+}
  8466 | D:4      | Identified the +8 flail of Lotaxe {drain, *Noise rElec rF+}
  8583 | D:5      | Found a stormy altar of Qazlal.
  8837 | D:6      | Reached skill level 1 in Ice Magic
  8919 | D:5      | Killed Prince Ribbit
  9012 | D:5      | Found a runed translucent door.
  9013 | D:5      | Noticed Crazy Yiuf
  9304 | D:4      | Learned a level 4 spell: Olgreb's Toxic Radiance
  9509 | D:5      | Killed Crazy Yiuf
  9510 | D:5      | Reached skill level 1 in Poison Magic
  9592 | D:6      | Reached ** piety under Vehumet
  9592 | D:6      | Offered knowledge of Static Discharge by Vehumet.
 10070 | D:6      | Killed Maggie
 10324 | D:7      | Found a staircase to the Ecumenical Temple.
 10378 | D:7      | Reached skill level 5 in Poison Magic
 10378 | D:7      | Reached skill level 1 in Short Blades
 10904 | D:8      | Reached skill level 5 in Fighting
 11112 | D:8      | Found a hazy altar of Hepliaklqana.
 11219 | D:8      | Noticed Grum
 11272 | D:9      | Reached skill level 1 in Evocations
 11488 | D:9      | Identified the +6 plate armour of Lethargy {rPois rN+
                  | Int+2}
 11509 | D:9      | Found Giwucu's Overcharged Wands.
 11510 | D:9      | Noticed a manticore
 11687 | D:8      | Reached skill level 6 in Spellcasting
 12158 | D:3      | Bought the Volume of Flamy Feathers for 352 gold pieces
 12158 | D:3      | Bought a potion of curing for 33 gold pieces
 12161 | D:3      | Learned a level 2 spell: Poisonous Vapours
 12165 | D:3      | Learned a level 3 spell: Conjure Flame
 12255 | D:6      | Identified the +0 robe of the Armoured One {-Tele Dex+5}
 12498 | D:8      | Reached XP level 11. HP: 63/80 MP: 9/20
 12519 | D:8      | Reached skill level 1 in Fire Magic
 12622 | D:8      | Offered knowledge of Mephitic Cloud by Vehumet.
 13311 | D:8      | Killed Grum
 13709 | D:9      | Killed a manticore
 13773 | D:9      | Reached skill level 1 in Air Magic
 13866 | D:9      | Learned a level 3 spell: Mephitic Cloud
 14146 | D:10     | Entered Level 10 of the Dungeon
 14207 | D:10     | Reached *** piety under Vehumet
 14213 | D:10     | Noticed Erica
 14231 | D:10     | Upgraded the game from 0.29-a0-251-g80730f7218 to
                  | 0.29-a0-266-gf56f883ddd
 14238 | D:10     | Killed Erica
 14469 | D:10     | Found a staircase to the Orcish Mines.
 14633 | D:10     | Noticed a two-headed ogre
 14720 | D:10     | Killed a two-headed ogre
 14974 | D:10     | Noticed a two-headed ogre
 15038 | D:10     | Killed a two-headed ogre
 15038 | D:10     | Offered knowledge of Sticky Flame by Vehumet.
 15140 | D:10     | Learned a level 4 spell: Sticky Flame
 15272 | D:10     | Found Upniam's Book Shop.
 15394 | D:10     | Reached skill level 7 in Spellcasting
 15771 | D:10     | Noticed an orc knight
 16060 | D:10     | Reached **** piety under Vehumet
 16061 | D:10     | Reached XP level 12. HP: 68/88 MP: 14/22
 16493 | D:11     | Noticed Snorg
 16678 | D:11     | Noticed Harold
 17165 | D:10     | Bought the Disquisition on Destructive Toxins for 456 gold
                  | pieces
 17169 | D:10     | Learned a level 3 spell: Ignite Poison
 17236 | D:11     | Noticed a boulder beetle
 17336 | D:9      | You fall into a shaft and drop 1 floor!
 17356 | D:9      | You fall into a shaft and drop 2 floors!
 17370 | D:11     | Killed Harold
 17371 | D:11     | Reached skill level 8 in Spellcasting
 17633 | D:11     | Reached skill level 1 in Shields
 17733 | D:11     | Killed a boulder beetle
 17885 | D:12     | Identified a scroll of acquirement
 17886 | D:12     | Acquired the ring "Ganlucsi" {rPois rF+ rN+++ MP+9 Dex-5}
 17904 | D:12     | Noticed a skeletal warrior
 17905 | D:12     | Noticed a skeletal warrior
 17905 | D:12     | Noticed a skeletal warrior
 18235 | D:12     | Killed a skeletal warrior
 18235 | D:12     | Offered knowledge of Freezing Cloud by Vehumet.
 18244 | D:12     | Killed a skeletal warrior
 18245 | D:12     | Reached skill level 9 in Spellcasting
 18744 | D:13     | Reached skill level 10 in Spellcasting
 18796 | D:13     | Identified the +6 mace "Mijino" {speed, Dex+2 SInv}
 18909 | D:12     | Learned a level 5 spell: Freezing Cloud
 19796 | Orc:1    | Entered Level 1 of the Orcish Mines
 20037 | Orc:2    | Entered Level 2 of the Orcish Mines
 20264 | Orc:2    | Noticed a two-headed ogre
 20269 | Orc:2    | Killed a two-headed ogre
 20283 | Orc:2    | Reached ***** piety under Vehumet
 20373 | Orc:2    | Noticed a two-headed ogre
 20395 | Orc:2    | Noticed a two-headed ogre
 20405 | Orc:2    | Killed a two-headed ogre
 20406 | Orc:2    | Reached XP level 13. HP: 94/94 MP: 23/27
 20522 | Orc:2    | Offered knowledge of Yara's Violent Unravelling by Vehumet.
 20908 | Orc:2    | Reached skill level 5 in Ice Magic
 21136 | Orc:1    | Found Caplon's CLEARANCE SALE!.
 21141 | Orc:1    | Bought a potion of magic for 48 gold pieces
 21948 | Orc:2    | Noticed an ettin
 22178 | Orc:2    | Noticed Azrael
 22657 | Orc:2    | Killed Azrael
 22918 | Orc:2    | Noticed an orc warlord
 22941 | Orc:2    | Mangled by an orc warlord

Illustrated notes

Levels and vault maps discovered:
D:1:      grunt_arrival_lava_bath, layout_loops_ring,
          hellmonk_ecumenical_altar_watching_god
D:2:      layout_basic, corexii_leaking_fountain, uniq_terence, uniq_jessica
D:3:      layout_basic, makhleb_altar_promises_db, serial_shops, shop_fountains
D:4:      layout_basic, mainiacjoe_overflow_brackets, uniq_edmund
D:5:      layout_cave_pools, grunt_qazlal_sundering, uniq_prince_ribbit1,
          uniq_crazy_yiuf_cottage
D:6:      layout_rooms, uniq_maggie, uniq_grinder
D:7:      layout_basic, mainiacjoe_overflow_surrounded_room, vehumet_statue,
          minmay_temple_entry_poolview
D:8:      layout_loops_ring, fedhas_altar_3, lemuel_crystal_altar,
          lair_entry_dummy, nicolae_ossuary_entry_catacombs,
          kennysheep_kite_vault, uniq_grum
D:9:      layout_basic, nicolae_shop_overcharged_wands
D:10:     cheibrodos_orc_bank, layout_basic, david_orc_4, serial_shops, shop,
          uniq_erica
D:11:     layout_roguey, uniq_harold, uniq_snorg
D:12:     layout_loops_corners
D:13:     layout_cave_pools, skrybe_vaults_entry_preservation
Orc:1:    layout_caves, nicolae_shop_clearance
Orc:2:    pubby_orc_utopia, uniq_azrael

Skill      XL: |  1  2  3  4  5  6  7  8  9 10 11 12 13 |
---------------+----------------------------------------+-----
Stealth        | 2 3 5 7 8 |  8.0
Dodging        | 2 3 4 |  4.0
Spellcasting   | 2 3 4 5 6 7 10 | 10.2
Armour         | 1 2 3 4 |  4.0
Fighting       | 2 3 4 5 6 |  6.4
Conjurations   | 1 3 4 5 6 8 |  8.1
Earth Magic    | 2 4 5 6 |  6.5
Crossbows      | 4 5 |  5.0
Axes           | 2 |  2.0
Ice Magic      | 1 3 4 6 |  6.1
Poison Magic   | 5 6 |  6.0
Short Blades   | 2 |  2.0
Evocations     | 1 3 |  3.8
Fire Magic     | 3 |  3.8
Air Magic      | 2 3 4 |  4.8
Shields        | 4 |  4.0
Hexes          | |  3.6

Action                   |  1- 3 |  4- 6 |  7- 9 | 10-12 | 13-15 || total
-------------------------+-------+-------+-------+-------+-------++-------
Melee: Dagger            |       |       |    13 |       |       ||    13
       Mace              |       |       |    15 |    16 |       ||    31
       Falchion          |       |       |    13 |       |       ||    13
       War axe           |       |       |     5 |       |       ||     5
       Short sword       |       |       |       |   132 |    13 ||   145
       Trident           |       |       |       |    62 |     1 ||    63
       Flail             |       |       |       |     9 |       ||     9
       Punch             |       |       |       |     1 |       ||     1
 Fire: Hand crossbow     |   105 |    31 |   116 |   205 |    42 ||   499
Throw: Dart              |    15 |    13 |    44 |    11 |       ||    83
 Cast: Slow              |    16 |    10 |    80 |    20 |       ||   126
       Stone Arrow       |       |       |    76 |   131 |     3 ||   210
       Olgreb's Toxic Ra |       |       |       |    71 |    37 ||   108
       Mephitic Cloud    |       |       |       |    35 |       ||    35
       Conjure Flame     |       |       |       |    19 |       ||    19
       Sticky Flame      |       |       |       |     9 |     5 ||    14
       Ignite Poison     |       |       |       |    25 |    36 ||    61
       Freezing Cloud    |       |       |       |       |    12 ||    12
 Abil: Shaft Self        |     2 |       |       |     2 |       ||     4
       Dig               |       |       |     1 |     4 |       ||     5
Evoke: Wand              |       |       |     2 |     5 |     2 ||     9
       Lightning rod     |       |       |       |     5 |       ||     5
  Use: Scroll            |     1 |       |     3 |    11 |       ||    15
       Potion            |       |       |       |    10 |       ||    10
 Stab: Sleeping          |       |       |       |     3 |     3 ||     6
       Confused          |       |       |       |     7 |       ||     7
Armor: Ring mail         |    31 |     1 |    20 |   115 |     3 ||   170
Dodge: Dodged            |    40 |     2 |    54 |   188 |    11 ||   295
Block: Buckler           |       |       |       |     5 |     4 ||     9

Table legend: (Time is in decaauts)
 A = Elapsed time spent in this place.
 B = Non-inter-level travel time spent in this place.
 C = Inter-level travel time spent in this place.
 D = Time resting spent in this place.
 E = Time spent auto-exploring this place.
 F = Levels seen in this place.
 G = Mean time per level.
                   A        B        C        D        E       F      G
               +--------+--------+--------+--------+--------+-----+--------+
         Total |  23199 |  21027 |   2172 |   7759 |   4167 |  15 | 1546.6 |
       Dungeon |  20029 |  17936 |   2093 |   6229 |   3819 |  13 | 1540.7 |
  Orcish Mines |   3169 |   3091 |     78 |   1529 |    348 |   2 | 1584.5 |
               +--------+--------+--------+--------+--------+-----+--------+

Top non-repeatable levels by time:
     D:7: 5202 daAuts
    D:10: 3325 daAuts
     D:8: 2579 daAuts
   Orc:2: 2104 daAuts
     D:6: 1431 daAuts
     D:1: 1174 daAuts
   Orc:1: 1065 daAuts
     D:9: 1026 daAuts
     D:4: 1000 daAuts
     D:5: 956 daAuts
     D:3: 912 daAuts
     D:2: 763 daAuts
    D:11: 708 daAuts
    D:12: 663 daAuts
    D:13: 286 daAuts
